 Dungeon Crawl Stone Soup version 0.28.0-53-g5a82cb258f (webtiles) character file.

Game seed: 189912273846730785

659 MisterFreud the Covert (level 7, -7/60 HPs)
             Began as a Gnoll Delver on Aug 5, 2022.
             Was a Believer of Lugonu.
             Killed by divine providence
             ... invoked by an orc priest
              (14 damage)
             ... on level 3 of the Dungeon.
             The game lasted 00:06:15 (3878 turns).

MisterFreud the Covert (Gnoll Delver)               Turns: 3878, Time: 00:06:15

Health: -7/60      AC:  4    Str: 12    XL:     7   Next: 55%
Magic:  10/10      EV: 13    Int: 11    God:    Lugonu [**....]
Gold:   110        SH:  0    Dex: 13    Spells: 11/11 levels left

rFire   . . .      SeeInvis .   a - +1 short sword
rCold   . . .      Faith    .   (no shield)
rNeg    . . .      Spirit   .   b - +0 leather armour
rPois   .          Reflect  .   f - +0 helmet
rElec   .          Harm     .   (no cloak)
rCorr   .          Rampage  .   (no gloves)
Will    .....                   (no boots)
Stlth   ++++......              (no amulet)
HPRegen 0.20/turn               (no ring)
MPRegen 0.12/turn               (no ring)

@: no status effects
A: fangs 1, strong nose, distributed training
a: Renounce Religion, Depart the Abyss, Bend Space


You were on level 3 of the Dungeon.
You worshipped Lugonu.
Lugonu was pleased with you.
You visited 1 branch of the dungeon, and saw 6 of its levels.

You collected 110 gold pieces.

Inventory:

Hand Weapons
 a - a +1 short sword (weapon)
Missiles
 e - 3 boomerangs (quivered)
 i - 2 poisoned darts
 l - 5 atropa-tipped darts
Armour
 b - a +0 leather armour (worn)
 f - a +0 helmet (worn)
Wands
 g - a wand of digging (3)
Scrolls
 c - a scroll of fog
 d - a scroll of magic mapping
 k - a scroll of teleportation
Potions
 j - a potion of attraction


   Skills:
 + Level 7.1 Fighting
 + Level 5.3 Short Blades
 + Level 2.5 Long Blades
 + Level 2.5 Axes
 + Level 2.5 Maces & Flails
 + Level 2.5 Polearms
 + Level 2.5 Staves
 + Level 2.5 Slings
 + Level 2.5 Bows
 + Level 2.5 Crossbows
 + Level 2.5 Throwing
 + Level 2.5 Armour
 + Level 5.3 Dodging
 + Level 9.9 Stealth
 + Level 2.5 Shields
 + Level 2.5 Unarmed Combat
 + Level 2.5 Spellcasting
 + Level 2.1 Conjurations
 + Level 2.1 Hexes
 + Level 2.1 Summonings
 + Level 2.1 Necromancy
 + Level 2.1 Translocations
 + Level 2.1 Transmutations
 + Level 2.1 Fire Magic
 + Level 2.1 Ice Magic
 + Level 2.1 Air Magic
 + Level 2.1 Earth Magic
 + Level 2.1 Poison Magic
 + Level 2.8 Invocations
 + Level 2.5 Evocations


You had 11 spell levels left.
You didn't know any spells.
Your spell library was empty.

Dungeon Overview and Level Annotations

Branches:
Dungeon (6/15)
 Temple: D:4-7

Altars:
Vehumet
Lugonu

Shops:
D:1 [

Annotations:
D:3 Grinder


Innate Abilities, Weirdness & Mutations

You have very sharp teeth.
Your uncanny sense of smell can sniff out nearby items.
Your experience applies equally to all skills.


Message History

The orc closely misses you.
You closely miss the orc.
The orc is severely wounded.
The orc hits you with a +0 short sword.
The orc priest calls down the wrath of Beogh upon you.
Beogh smites you!
The orc priest invokes the aid of Beogh against you.
Beogh smites you!
You hit the orc.
The orc is lightly wounded.
The orc hits you with a +0 whip. The orc hits you with a +0 short sword.
You puncture the orc!
You kill the orc!
Lugonu accepts your kill. The orc completely misses you.
You are too injured to fight recklessly!
You are too injured to fight recklessly!
The orc closely misses you. The orc wizard casts a spell at you.
You are confused.
The orc priest calls down the wrath of Beogh upon you.
Beogh smites you!
* * * LOW HITPOINT WARNING * * *
You bump into the stone wall.
The orc hits you with a +0 hand axe.
* * * LOW HITPOINT WARNING * * *
The orc hits you with a +0 whip.
* * * LOW HITPOINT WARNING * * *
The orc priest calls upon Beogh to heal the orc.
The orc's wounds heal themselves!
You barely miss the orc.
The orc wizard casts a spell.
The orc wizard flickers and vanishes!
Deactivating autopickup; reactivate with Ctrl-A.
The orc hits you but does no damage. The orc closely misses you.
You bump into the rock wall.
The orc barely misses you.
You're too confused to move!
You feel less confused.
The orc priest calls down the wrath of Beogh upon you.
Beogh smites you!
You die...

.....#######..........#
._...+................#
.....#.####...........#
.....#<.###...........#
....###.##..#........##
#+###......###......##
.....#.†.########.###
.####.........###.o# ##
#.#.........@..#
#...#########oo#
#!.###.....).o.#
#...##..#..o#...#
#....#$..........#
#....#⌠..........#
#..#.#$..........#
...#.##..#...#..##
#..##.###........#


You could see an orc priest and 3 orcs.

Vanquished Creatures
  A water moccasin (D:5)
  A sky beast (D:6)
  An ogre (D:5)
  A phantom (D:5)
  2 scorpions
  A bullfrog skeleton (D:6)
  Robin (D:2)
  A howler monkey skeleton (D:5)
  2 adders
  A white imp (D:5)
  A worm (D:3)
  4 dart slugs
  11 orcs (D:3)
  7 ball pythons
  7 bats
  4 endoplasms
  2 giant cockroaches (D:1)
  16 goblins
  11 hobgoblins
  A jackal (D:3)
  8 kobolds
  3 quokkas
  3 frilled lizards
  4 rats
94 creatures vanquished.

Vanquished Creatures (others)
  5 demonic plants (D:2)
  6 fungi (D:2)
  3 plants (D:2)
  3 withered plants (D:2)
17 creatures vanquished.

Grand Total: 111 creatures vanquished

Notes
Turn   | Place    | Note
-------+----------+-------------------------------------------
     0 | D:5      | Reached skill level 9 in Stealth
     0 | D:5      | MisterFreud the Gnoll Delver began the quest for the Orb.
     0 | D:5      | Reached XP level 1. HP: 23/23 MP: 1/1
     3 | D:5      | Noticed a scorpion
     5 | D:5      | Noticed an ogre
    10 | D:5      | Killed a scorpion
    11 | D:5      | Reached skill level 1 in Long Blades
    11 | D:5      | Reached skill level 1 in Axes
    11 | D:5      | Reached skill level 1 in Maces & Flails
    11 | D:5      | Reached skill level 1 in Polearms
    11 | D:5      | Reached skill level 1 in Staves
    11 | D:5      | Reached skill level 1 in Slings
    11 | D:5      | Reached skill level 1 in Bows
    11 | D:5      | Reached skill level 1 in Crossbows
    11 | D:5      | Reached skill level 1 in Throwing
    11 | D:5      | Reached skill level 1 in Armour
    11 | D:5      | Reached skill level 1 in Shields
    11 | D:5      | Reached skill level 1 in Unarmed Combat
    11 | D:5      | Reached skill level 1 in Spellcasting
    11 | D:5      | Reached skill level 1 in Invocations
    11 | D:5      | Reached skill level 1 in Evocations
    11 | D:5      | Reached XP level 2. HP: 29/29 MP: 1/3
    11 | D:5      | Reached XP level 3. HP: 35/35 MP: 1/4
    11 | D:5      | Reached XP level 4. HP: 41/41 MP: 1/5
    14 | D:5      | Killed an ogre
    15 | D:5      | Reached skill level 1 in Conjurations
    15 | D:5      | Reached skill level 1 in Hexes
    15 | D:5      | Reached skill level 1 in Summonings
    15 | D:5      | Reached skill level 1 in Necromancy
    15 | D:5      | Reached skill level 1 in Translocations
    15 | D:5      | Reached skill level 1 in Transmutations
    15 | D:5      | Reached skill level 1 in Fire Magic
    15 | D:5      | Reached skill level 1 in Ice Magic
    15 | D:5      | Reached skill level 1 in Air Magic
    15 | D:5      | Reached skill level 1 in Earth Magic
    15 | D:5      | Reached skill level 1 in Poison Magic
    15 | D:5      | Reached XP level 5. HP: 47/47 MP: 1/7
    81 | D:5      | Noticed a water moccasin
    84 | D:5      | Killed a water moccasin
    85 | D:5      | Reached XP level 6. HP: 53/53 MP: 8/8
   297 | D:6      | Noticed a sky beast
   323 | D:6      | Killed a sky beast
   324 | D:6      | Reached skill level 5 in Short Blades
   324 | D:6      | Reached skill level 5 in Dodging
   974 | D:5      | Reached XP level 7. HP: 59/59 MP: 10/10
  1175 | D:4      | HP: 3/60 [scorpion (4)]
  1676 | D:3      | Found a radiant altar of Vehumet.
  1822 | D:2      | Noticed Robin
  1836 | D:1      | Found Egehyos's Antique Armour Emporium.
  3022 | D:2      | Killed Robin
  3137 | D:2      | Found a faded altar of an unknown god.
  3167 | D:2      | Prayed at the altar of an unknown god.
  3167 | D:2      | Became a worshipper of Lugonu the Unformed
  3167 | D:2      | Reached * piety under Lugonu
  3167 | D:2      | Reached ** piety under Lugonu
  3668 | D:3      | Noticed Grinder
  3675 | D:3      | Paralysed by Grinder for 4 turns
  3878 | D:3      | Killed from afar by an orc priest

Illustrated notes

Levels and vault maps discovered:
D:1:      minmay_arrival_four_circles, layout_basic, serial_shops, shop
D:2:      layout_loops_ring, shapermc_ecumenical_altar_gd, uniq_robin
D:3:      cheibrodos_pilgrimage, layout_rooms, mainiacjoe_overflow_catwalk,
          lemuel_coloured_pillars_altar, nicolae_vehumet_altar_sigil,
          uniq_grinder
D:4:      layout_loops_ring, serial_shops, nicolae_shop_hallway_plus, shop,
          nicolae_take_the_stairs, shop, uniq_eustachio
D:5:      layout_basic, gammafunk_temple_overflow_pools, minivault_26,
          kennysheep_nub
D:6:      layout_rooms, jmf_multi_god_temple

Skill      XL: |  1  2  3  4  5  6  7 |
---------------+----------------------+-----
Stealth        | |  9.9
Long Blades    | 1 2 |  2.5
Axes           | 1 2 |  2.5
Maces & Flails | 1 2 |  2.5
Polearms       | 1 2 |  2.5
Staves         | 1 2 |  2.5
Slings         | 1 2 |  2.5
Bows           | 1 2 |  2.5
Crossbows      | 1 2 |  2.5
Throwing       | 1 2 |  2.5
Armour         | 1 2 |  2.5
Shields        | 1 2 |  2.5
Unarmed Combat | 1 2 |  2.5
Spellcasting   | 1 2 |  2.5
Invocations    | 1 2 |  2.8
Evocations     | 1 2 |  2.5
Conjurations   | 1 2 |  2.1
Hexes          | 1 2 |  2.1
Summonings     | 1 2 |  2.1
Necromancy     | 1 2 |  2.1
Translocations | 1 2 |  2.1
Transmutations | 1 2 |  2.1
Fire Magic     | 1 2 |  2.1
Ice Magic      | 1 2 |  2.1
Air Magic      | 1 2 |  2.1
Earth Magic    | 1 2 |  2.1
Poison Magic   | 1 2 |  2.1
Short Blades   | 5 |  5.3
Dodging        | 5 |  5.3
Fighting       | 7 |  7.1

Action                   |  1- 3 |  4- 6 |  7- 9 || total
-------------------------+-------+-------+-------++-------
Melee: Short sword       |     1 |    63 |   269 ||   333
       Bite              |       |     9 |    20 ||    29
       Punch             |       |     1 |     5 ||     6
  Use: Potion            |       |     1 |       ||     1
       Scroll            |       |       |     9 ||     9
 Stab: Sleeping          |     1 |     4 |    26 ||    31
Armor: Leather armour    |       |     8 |    47 ||    55
Dodge: Dodged            |       |    41 |   132 ||   173
